 Dungeon Sprint DCSS version 0.26-a0-660-gc07710193c (webtiles) character file.

Game seed: 10138299287607023011

2 sahdkjhfkaj the Conjurer (level 1, 0/11 HPs)
             Began as an Octopode Conjurer on Oct 7, 2020.
             Slain by a bat (1 damage)
             ... in the Dungeon (Sprint IX: "|||||||||||||||||||||||||||||").
             The game lasted 00:00:05 (16 turns).

sahdkjhfkaj the Conjurer (Octopode Conjurer)          Turns: 16, Time: 00:00:05

Health: 0/11       AC:  1    Str:  6    XL:     1   Next: 40%
Magic:  1/3        EV: 13    Int: 20    God:
Gold:   0          SH:  0    Dex: 10    Spells: 3/4 levels left

rFire    . . .     SeeInvis .   (no weapon)
rCold    . . .     Faith    .   (no shield)
rNeg     . . .     Spirit   .   (helmet restricted)
rPois    .         Reflect  .   (no amulet)
rElec    .         Harm     .   (no ring)
rCorr    .         Rampage  .   (no ring)
MR       .....     NoTele   +   (no ring)
Stlth    +++.......             (no ring)
HPRegen  0.03/turn              (no ring)
MPRegen  0.08/turn              (no ring)
                                (no ring)
                                (no ring)

@: no status effects
A: almost no armour, stealthy swim, amphibious, 8 rings, constrict 8, camouflage
1, gelatinous body 1
a: no special abilities


You were in the Dungeon.
You visited 1 branch

Inventory:

Scrolls
 g - a scroll of blinking
Potions
 b - a potion of curing
 c - a potion of heal wounds
 d - a potion of haste
 e - 2 potions of magic
 f - a potion of berserk rage


   Skills:
 - Level 2.0 Dodging
 - Level 2.6 Stealth
 + Level 2.4 Spellcasting
 * Level 4.6 Conjurations


You had 3 spell levels left.
You knew the following spells:

 Your Spells              Type           Power        Failure   Level
a - Magic Dart            Conj           ###.         2%          1

Your spell library contained the following spells:

 Spells                   Type           Power        Failure   Level
 Searing Ray              Conj           ###...       3%          2
 Dazzling Flash           Conj/Hex       ##....       17%         3
 Fulminant Prism          Conj/Hex       ##........   50%         4
 Iskenderun's Mystic Bla  Conj/Tloc      ##......     50%         4


Dungeon Overview and Level Annotations

Branches:
Dungeon (1/1)

Altars:


Innate Abilities, Weirdness & Mutations

You cannot wear most types of armour.
You are very stealthy in the water. (Stealth+)
You are amphibious.
You can wear up to eight rings at the same time.
You can use your tentacles to constrict eight enemies at once.
Your skin changes colour to match your surroundings (Stealth+).
Your rubbery body absorbs attacks. (AC +1, EV +1)


Message History

The bat misses you. The bat hits you but does no damage.
There is an open door to the Dungeon here.
You see here a cursed -3 club.
You tentacle-slap the bat. Your grab misses the bat.
The bat is moderately wounded.
The bat misses you.
You closely miss the bat. Your grab misses the bat.
The bat is moderately wounded.
The bat hits you. The bat closely misses you.
You closely miss the bat. Your grab misses the bat.
The bat hits you but does no damage.
You closely miss the bat. Your grab misses the bat.
The bat hits you but does no damage. The bat hits you.
* * * LOW HITPOINT WARNING * * *
The bat hits you.
* * * LOW HITPOINT WARNING * * *
You miss the bat. Your grab misses the bat. The bat hits you.
* * * LOW HITPOINT WARNING * * *
The bat hits you.
You die... ▓▓▓▓▓▓▓▓▓▓▓▓ +..rwb@...<▓ ▓▓▓▓▓▓▓▓▓▓▓▓

You could see a dart slug, a bat and a rat.

Vanquished Creatures
  2 hobgoblins (D)
2 creatures vanquished.

Notes
Turn   | Place    | Note
-------+----------+-------------------------------------------
     0 | D        | sahdkjhfkaj the Octopode Conjurer began the quest for the
                  | Orb.
     0 | D        | Reached XP level 1. HP: 11/11 MP: 3/3
    16 | D        | Slain by a bat

Illustrated notes

Levels and vault maps discovered:
D:        linesprint [early_d, line_temple, items_1, d_10, items_2, lair_1,
          lair_end, items_3, orc_1, orc_end, items_4, d_15, swamp_1, shoals_1,
          snake_1, spider_1, d_20, vaults_1, items_5, swamp_end, shoals_end,
          snake_end, spider_end, vaults_end, d_27, items_6, zot_1, zot_end,
          crypt_end, forest_end, elf_end, slime_end, tomb_end, abyss_end,
          pan_hell_end]

Action                   || total
-------------------------++-------
Melee: Unarmed           ||     9
       Constrict         ||     1
       Tentacles         ||     1
 Cast: Magic Dart        ||     3
Armor: Skin              ||     3
Dodge: Dodged            ||     6

Table legend: (Time is in decaauts)
 A = Elapsed time spent in this place.
 B = Non-inter-level travel time spent in this place.
 C = Inter-level travel time spent in this place.
 D = Time resting spent in this place.
 E = Time spent auto-exploring this place.
 F = Levels seen in this place.
 G = Mean time per level.
                   A        B        C        D        E       F      G
               +--------+--------+--------+--------+--------+-----+--------+
         Total |     16 |     16 |      0 |      0 |      3 |   1 |   16.0 |
       Dungeon |     16 |     16 |      0 |      0 |      3 |   1 |   16.0 |
               +--------+--------+--------+--------+--------+-----+--------+

Top non-repeatable levels by time:
       D: 16 daAuts
